 Dungeon Crawl Stone Soup version 0.27.1-3-gb3d3a73c9e (webtiles) character file.

Game seed: 12805320548074270997

102 MajorAdolf the Stinger (level 4, -1/38 HPs)
             Began as a Naga Wanderer on Oct 7, 2021.
             Slain by a water moccasin (5 damage)
             ... on level 3 of the Dungeon.
             The game lasted 00:03:33 (1981 turns).

MajorAdolf the Stinger (Naga Wanderer)              Turns: 1981, Time: 00:03:34

Health: -1/38      AC:  3    Str: 12    XL:     4   Next: 77%
Magic:  7/7        EV:  9    Int: 16    God:
Gold:   99         SH:  0    Dex: 10    Spells: 7/7 levels left

rFire    . . .     SeeInvis +   e - +3 dagger (speed)
rCold    . . .     Faith    .   (no shield)
rNeg     . . .     Spirit   .   k - +0 robe
rPois    +         Reflect  .   (no helmet)
rElec    .         Harm     .   l - +0 cloak
rCorr    .         Rampage  .   (no gloves)
Will     .....                  (no barding)
Stlth    +.........             (no amulet)
HPRegen  0.12/turn              (no ring)
MPRegen  0.10/turn              (no ring)

@: silenced, very slow
A: AC +1, large, see invisible, deformed body, poison resistance, slowness 2,
spit poison 1, naga tail 1
a: Spit Poison


You were on level 3 of the Dungeon.
You visited 1 branch of the dungeon, and saw 3 of its levels.

You collected 99 gold pieces.

Inventory:

Hand Weapons
 a - a +2 dagger
 e - a +3 dagger of speed (weapon)
Armour
 c - a +0 ring mail
 k - a +0 robe (worn)
 l - a +0 cloak (worn)
Scrolls
 f - 2 scrolls of fog
 h - a scroll of immolation
Potions
 m - a potion of flight {unknown}


   Skills:
 - Level 1.0 Fighting
 - Level 1.0 Axes
 - Level 1.0 Armour
 - Level 1.5 Stealth
 + Level 2.4 Spellcasting
 + Level 2.2 Conjurations
 + Level 2.5 Earth Magic
 - Level 4.0 Poison Magic
 - Level 1.0 Evocations


You had 7 spell levels left.
You didn't know any spells.
Your spell library contained the following spells:

 Spells                   Type           Power      Damage    Failure   Level
 Sandblast                Erth           20%        2d7       7%          1
 Sting                    Tmut/Pois      32%        1d4       9%          1
 Poisonous Vapours        Pois/Air       16%        N/A       13%         2
 Stone Arrow              Conj/Erth      18%        3d8       22%         3
 Dazzling Flash           Conj/Hex       10%        N/A       36%         3
 Olgreb's Toxic Radiance  Pois           14%        N/A       36%         4
 Agony                    Necr           1%         N/A       99%         5
 Silence                  Hex/Air        0%         N/A       99%         5


Dungeon Overview and Level Annotations

Branches:
Dungeon (3/15)

Altars:

Shops:
D:2 [

Annotations:
D:2 Robin


Innate Abilities, Weirdness & Mutations

Your serpentine skin is tough. (AC +1)
You have supernaturally acute eyesight. (SInv)
Armour fits poorly on your strangely shaped body.
Your system is resistant to poisons. (rPois)
You cover ground very slowly.
You can spit poison.
You have a snake-like lower body.


Message History

The giant cockroach bites you but does no damage.
As you read the scroll labelled CYRYDA UREFE, it crumbles to dust.
It is a scroll of enchant weapon.
Your +2 dagger of speed glows red for a moment.
The jackal bites you but does no damage.
The giant cockroach bites you but does no damage.
As you read the scroll labelled VEFAIQ OLITA, it crumbles to dust.
The scroll dissolves into smoke.
It was a scroll of fog.
The jackal bites you. The water moccasin closely misses you.
The giant cockroach bites you.
The jackal bites you but does no damage.
Unknown command.
As you read the scroll labelled TEDAIPPOFE, it crumbles to dust.
It is a scroll of identify.
h - a scroll of immolation The water moccasin bites you.
The giant cockroach bites you. The jackal bites you.
* * * LOW HITPOINT WARNING * * *
The water moccasin closely misses you.
Unknown command.
As you read the scroll labelled JIEKKEACV SISS, it crumbles to dust.
You hear a loud clanging noise!
It was a scroll of noise.
You have got your breath back.
You hear a shout! x2; You hear a bark!
You hear a shout!
The jackal bites you but does no damage.
The giant cockroach closely misses you. The water moccasin bites you!
* * * LOW HITPOINT WARNING * * *
The jackal completely misses you.
As you read the scroll labelled WANIUZ QEKHLA, it crumbles to dust.
It is a scroll of amnesia.
Forget Sandblast, freeing 1 spell level for a total of 7?
Your memory of Sandblast unravels.
The giant cockroach bites you but does no damage.
The water moccasin barely misses you. The jackal closely misses you.
The giant cockroach closely misses you.
Unknown command.
As you read the scroll labelled XUCHUKLOTU, it crumbles to dust.
A profound silence engulfs you.
It was a scroll of silence.
The water moccasin bites you.
You die...

# ###########...#
...#$..§§@S§...#
.........§hB######
.........§§w§#
..........)..#
.............#
.............#
.............#
.......))...##
...#.<)..##


You could see a water moccasin, a worm, a jackal and a giant cockroach.

Vanquished Creatures
  Jessica (D:2)
  Terence (D:2)
  An adder (D:2)
  A worm (D:2)
  A dart slug (D:1)
  An orc (D:3)
  8 bats
  3 endoplasms (D:1)
  6 goblins
  2 hobgoblins
  4 jackals
  A kobold (D:1)
  4 ball pythons
  A frilled lizard (D:2)
  4 rats
39 creatures vanquished.

Notes
Turn   | Place    | Note
-------+----------+-------------------------------------------
     0 | D:1      | MajorAdolf the Naga Wanderer began the quest for the Orb.
     0 | D:1      | MajorAdolf set off with the following items: a +2 dagger, a
                  | potion of heal wounds, a +0 ring mail; and the following
                  | spell memorised: Sandblast; and the following spells
                  | available to memorise: Stone Arrow
     0 | D:1      | Reached XP level 1. HP: 18/18 MP: 2/2
   246 | D:1      | Reached XP level 2. HP: 18/25 MP: 3/3
   622 | D:1      | Reached skill level 1 in Conjurations
   905 | D:1      | Reached XP level 3. HP: 28/31 MP: 5/5
  1214 | D:2      | Found Zocyet's Armour Shoppe.
  1397 | D:2      | Noticed Terence
  1406 | D:2      | Killed Terence
  1600 | D:2      | Found a faded altar of an unknown god.
  1749 | D:2      | Noticed Jessica
  1757 | D:2      | Killed Jessica
  1758 | D:2      | Reached XP level 4. HP: 38/38 MP: 7/7
  1935 | D:2      | Noticed Robin
  1970 | D:3      | Noticed a water moccasin
  1981 | D:3      | Slain by a water moccasin

Illustrated notes

Levels and vault maps discovered:
D:1:      amcnicky_arrival_wind_blow, layout_loops_ring
D:2:      minmay_door_path, layout_basic, hellmonk_ecumenical_altar_lost_god,
          serial_shops, nicolae_shop_stone, hangedman_abyss_or_decor_stabs,
          uniq_terence, uniq_jessica, uniq_robin
D:3:      layout_rooms, minivault_23, bh_walls_and_bars

Skill      XL: |  1  2  3 |
---------------+----------+-----
Conjurations   | 1 2 |  2.2
Spellcasting   | 2 |  2.4
Earth Magic    | 2 |  2.5
Fighting       | |  1.0
Axes           | |  1.0
Armour         | |  1.0
Stealth        | |  1.5
Poison Magic   | |  4.0
Evocations     | |  1.0

Action                   |  1- 3 |  4- 6 || total
-------------------------+-------+-------++-------
Melee: Dagger            |    49 |    32 ||    81
 Abil: Spit Poison       |    24 |     7 ||    31
  Use: Scroll            |       |     6 ||     6
       Potion            |       |     2 ||     2
 Stab: Sleeping          |       |     1 ||     1
Armor: Ring mail         |    18 |       ||    18
       Robe              |     5 |    36 ||    41
Dodge: Dodged            |    17 |    52 ||    69
